 Dungeon Crawl Stone Soup version 0.27.1-33-g824d729ab1 (webtiles) character file.

Game seed: 204120692160952679

2068 pkoi the Martial Artist (level 9, -1/74 HPs)
             Began as a White Draconian Monk on Nov 28, 2021.
             Was a Priest of Dithmenos.
             Shot with a sling bullet by Joseph (8 damage)
             ... on level 7 of the Dungeon.
             The game lasted 00:12:19 (8629 turns).

pkoi the Martial Artist (White Draconian Monk)      Turns: 8629, Time: 00:12:19

Health: -1/74      AC:  8    Str: 13    XL:     9   Next: 5%
Magic:  11/11      EV: 13    Int: 14    God:    Dithmenos [***...]
Gold:   223        SH:  0    Dex: 14    Spells: 5/10 levels left

rFire    . . .     SeeInvis .     - Unarmed
rCold    + + .     Faith    .   (no shield)
rNeg     . . .     Spirit   .   (armour unavailable)
rPois    .         Reflect  .   (helmet restricted)
rElec    .         Harm     .   g - +0 cloak
rCorr    .         Rampage  .   (no gloves)
Will     .....                  (no boots)
Stlth    +++.......             (no amulet)
HPRegen  0.22/turn              x - ring of protection from cold
MPRegen  0.12/turn              t - ring of wizardry

@: wreathed by umbra
A: breathe frost, AC +7, unfitting armour, cold resistance 1, cold-blooded
a: Breathe Frost, Renounce Religion, Shadow Step


You were on level 7 of the Dungeon.
You worshipped Dithmenos.
Dithmenos was most pleased with you.
You visited 2 branches of the dungeon, and saw 8 of its levels.

You collected 223 gold pieces.

Inventory:

Hand Weapons
 d - a +0 vampiric dagger
 s - a +1 dagger of electrocution
Missiles
 i - 7 boomerangs
 j - 24 poisoned darts
 p - a throwing net
Armour
 g - a +0 cloak (worn)
Jewellery
 c - a ring of ice
 e - a ring of fire
 t - a ring of wizardry (right hand)
 x - a ring of protection from cold (left hand)
Wands
 k - a wand of acid (3)
 q - a wand of iceblast (17)
 v - a wand of flame (39) (quivered)
Scrolls
 m - a scroll of holy word
 n - 2 scrolls of fear
 u - 5 scrolls of teleportation
 w - a scroll of silence
 y - a scroll of magic mapping
Potions
 a - 2 potions of ambrosia
 b - a potion of heal wounds
 f - a potion of magic
 h - 2 potions of curing
 l - a potion of haste
 o - a potion of attraction
 r - a potion of flight
 z - a potion of brilliance
 A - 3 potions of berserk rage


   Skills:
 - Level 5.2 Fighting
 - Level 4.6 Dodging
 - Level 3.3 Stealth
 * Level 8.6 Unarmed Combat
 + Level 1.4 Spellcasting
 + Level 1.5 Conjurations
 + Level 2.0 Ice Magic
 + Level 1.6 Air Magic
 - Level 3.1 Invocations
 - Level 3.0 Evocations


You had 5 spell levels left.
You knew the following spells:

 Your Spells              Type           Power      Damage    Failure   Level
a - Freezing Cloud        Conj/Ice/Air   2%         6-21      77%         5

Your spell library contained the following spells:

 Spells                   Type           Power      Damage    Failure   Level
 Shock                    Conj/Air       20%        1d4       5%          1
 Magic Dart               Conj           20%        1d4       6%          1
 Corpse Rot               Necr/Air       N/A        N/A       11%         2
 Poisonous Vapours        Pois/Air       6%         N/A       11%         2
 Call Imp                 Summ           1%         N/A       16%         2
 Sublimation of Blood     Necr           0%         N/A       16%         2
 Swiftness                Air            5%         N/A       16%         3
 Mephitic Cloud           Conj/Pois/Air  3%         N/A       21%         3
 Airstrike                Air            2%         N/A       45%         4
 Dispel Undead            Necr           1%         3d6       65%         4
 Petrify                  Tmut/Erth      1%         N/A       65%         4
 Irradiate                Conj/Tmut      1%         3d13      87%         5
 Death Channel            Necr           0%         N/A       100%        6


Dungeon Overview and Level Annotations

Branches:
Dungeon (7/15)             Temple (1/1) D:6

Altars:
Ashenzari
Cheibriados
Dithmenos
Elyvilon
Fedhas
Gozag
Hepliaklqana
Makhleb
Nemelex Xobeh
Qazlal
Ru
Sif Muna
Trog
Uskayaw
Vehumet
Wu Jian
Xom
Yredelemnul
The Shining One

Shops:
D:4 *

Annotations:
D:4 1 runed translucent door, bellerephron's ghost, amateur DsFi
D:7 Joseph


Innate Abilities, Weirdness & Mutations

You can breathe waves of freezing cold which knock back foes.
Your icy white scales are hard. (AC +7)
You cannot fit into any form of body armour.
Your flesh is cold resistant. (rC+)
You are cold-blooded and may be slowed by cold attacks.


Message History

The steam dragon barely misses you.
You hit the steam dragon.
Your tail-slap misses the steam dragon.
The steam dragon is heavily wounded.
You hit the steam dragon.
The steam dragon is heavily wounded.
The steam dragon bites you but does no damage.
The steam dragon misses you.
You closely miss the steam dragon.
You tail-slap the steam dragon, but do no damage.
The steam dragon is heavily wounded.
The steam dragon breathes steam at you. The ball of steam hits you!
You barely miss the steam dragon.
The steam dragon is heavily wounded.
Joseph shoots a sling bullet.
The sling bullet hits you! The sling bullet burns you.
* * * LOW HITPOINT WARNING * * *
The steam dragon closely misses you. The steam dragon barely misses you.
You hit the steam dragon.
The steam dragon is severely wounded.
Joseph shoots a sling bullet.
The sling bullet closely misses you. The steam dragon barely misses you.
The steam dragon claws you.
* * * LOW HITPOINT WARNING * * *
You punch the steam dragon!
You kill the steam dragon!
Dithmenos accepts your kill.
Joseph shoots a sling bullet.
The sling bullet hits you!
* * * LOW HITPOINT WARNING * * *
The sling bullet burns you.
* * * LOW HITPOINT WARNING * * *
Your life force feels restored.
Your Ice Magic skill increases to level 2!
You have reached level 9!
Your experience leads to an increase in your attributes!
Increase (S)trength, (I)ntelligence, or (D)exterity?
You feel clever.
Your scales feel tougher.
Joseph shoots a sling bullet.
The sling bullet hits you!
* * * LOW HITPOINT WARNING * * *
The sling bullet burns you!
You die...

..#.....###.#
#...##.....
..#...#.....#
#.<.##......
._#_..#.....#
#.@###........
#######....## ##.#
#..###### ._#_..#....#
#.###..# ..#...#....#
#......# ..#........#
#......# #####......##
##§.†.# .>..........#
#.@...# ########.#..#
#.###.# # #.#..# #.#
.#.# #.#..#+#.###+#.##
#.#......#......#
#...............#
########...............+
.......................#
.......................#


You could see Joseph.

Vanquished Creatures
  A steam dragon (D:7)
  A water moccasin (D:7)
  2 black bears
  2 sky beasts (D:5)
  2 necrophages (D:4)
  2 ogres
  2 bullfrogs
  2 scorpions (D:6)
  A water moccasin zombie (D:6)
  3 wights
  3 vampire bats (D:4)
  2 centaur zombies
  2 jellies (D:3)
  5 hounds
  2 iguanas
  An orc wizard (D:6)
  A hound skeleton (D:5)
  A howler monkey zombie (D:5)
  A gnoll (D:4)
  6 adders
  A white imp (D:5)
  2 ufetubi
  3 worms
  3 dart slugs
  4 orcs
  6 ball pythons
  12 bats
  14 endoplasms
  3 giant cockroaches
  11 goblins
  9 hobgoblins
  3 jackals (D:1)
  2 quokkas
  2 frilled lizards
  21 kobolds
  6 rats
144 creatures vanquished.

Vanquished Creatures (collateral kills)
  A jelly (D:4)
  2 gnolls (D:4)
3 creatures vanquished.

Vanquished Creatures (others)
  3 fungi (D:3)
  7 toadstools (D:3)
10 creatures vanquished.

Grand Total: 157 creatures vanquished

Notes
Turn   | Place    | Note
-------+----------+-------------------------------------------
     0 | D:1      | pkoi the Draconian Monk began the quest for the Orb.
     0 | D:1      | Reached XP level 1. HP: 19/19 MP: 1/1
   392 | D:1      | Reached XP level 2. HP: 18/26 MP: 2/2
   685 | D:1      | Reached skill level 4 in Unarmed Combat
   831 | D:1      | Reached XP level 3. HP: 17/31 MP: 3/3
  1197 | D:1      | Found a faded altar of an unknown god.
  1736 | D:2      | Reached XP level 4. HP: 38/38 MP: 4/4
  1829 | D:2      | Reached skill level 5 in Unarmed Combat
  2714 | D:3      | Found a shadowy altar of Dithmenos.
  2715 | D:3      | Found a snail-covered altar of Cheibriados.
  2716 | D:3      | Found a shimmering altar of Xom.
  2716 | D:3      | Found a white marble altar of Elyvilon.
  2716 | D:3      | Found a hazy altar of Hepliaklqana.
  2716 | D:3      | Found a bloodstained altar of Trog.
  2738 | D:3      | Became a worshipper of Dithmenos the Shadowed
  2738 | D:3      | Reached * piety under Dithmenos
  2738 | D:3      | Reached ** piety under Dithmenos
  3044 | D:3      | Reached XP level 5. HP: 37/45 MP: 5/5
  4010 | D:4      | Found Yjiosid's General Store.
  4033 | D:4      | Noticed an ogre
  4037 | D:4      | Reached skill level 6 in Unarmed Combat
  4043 | D:4      | Noticed a necrophage
  4045 | D:4      | Killed an ogre
  4046 | D:4      | Reached XP level 6. HP: 30/52 MP: 6/6
  4444 | D:4      | Noticed bellerephron's ghost (amateur DsFi)
  4448 | D:4      | Found a runed translucent door.
  4614 | D:4      | Reached *** piety under Dithmenos
  4662 | D:4      | Your scales start taking on an icy white colour.
  4662 | D:4      | Reached XP level 7. HP: 60/60 MP: 7/7
  4662 | D:4      | Gained mutation: Your flesh is cold resistant. (rC+) [White
                  | Draconian growth]
  4944 | D:5      | Entered Level 5 of the Dungeon
  5041 | D:5      | Reached skill level 1 in Invocations
  5041 | D:5      | Reached skill level 1 in Evocations
  5299 | D:5      | Reached skill level 7 in Unarmed Combat
  5640 | D:5      | Reached skill level 5 in Fighting
  5640 | D:5      | Reached XP level 8. HP: 37/68 MP: 9/9
  7155 | D:6      | Found a staircase to the Ecumenical Temple.
  7163 | Temple   | Entered the Ecumenical Temple
  7252 | D:6      | Reached skill level 8 in Unarmed Combat
  7505 | D:7      | Found a blossoming altar of Fedhas.
  7506 | D:7      | Found a shimmering blue altar of Sif Muna.
  7506 | D:7      | Found a sparkling altar of Nemelex Xobeh.
  7518 | D:7      | Learned a level 5 spell: Freezing Cloud
  7545 | D:7      | Reached skill level 1 in Ice Magic
  7677 | D:7      | Reached skill level 1 in Spellcasting
  7677 | D:7      | Reached skill level 1 in Conjurations
  7677 | D:7      | Reached skill level 1 in Air Magic
  8400 | D:7      | Found a stormy altar of Qazlal.
  8415 | D:7      | Noticed Joseph
  8629 | D:7      | Reached XP level 9. HP: 23/74 MP: 11/11
  8629 | D:7      | Shot with a sling bullet by Joseph

Illustrated notes

Levels and vault maps discovered:
D:1:      sevenhm_arrival_forest_fort_small_6, layout_loops_ring,
          shapermc_ecumenical_altar_mp_vishouse
D:2:      minmay_spotlight, layout_loops_cross, st_stairs_7
D:3:      cheibrodos_fertilizer, layout_basic, grunt_temple_overflow_open
D:4:      layout_cave_pools, hellmonk_ghost_happy_afterlife, roderic_batcave,
          nicolae_take_the_stairs
D:5:      layout_rooms, st_stairs_2
D:6:      layout_loops_ring, minmay_temple_entry_mini_moons, chequers_arboretum,
          uniq_crazy_yiuf_cottage
D:7:      layout_basic, nicolae_overflow_quartered_altars,
          mainiacjoe_overflow_surrounded_room, chequers_serial_rivers_micro_e,
          uniq_joseph
Temple:   dpeg_three_leaves_temple

Skill      XL: |  1  2  3  4  5  6  7  8 |
---------------+-------------------------+-----
Unarmed Combat | 4 5 6 7 8 |  8.6
Stealth        | 2 3 |  3.3
Dodging        | 3 4 |  4.6
Fighting       | 4 5 |  5.2
Invocations    | 2 3 |  3.1
Evocations     | 1 3 |  3.0
Ice Magic      | 2 |  2.0
Spellcasting   | 1 |  1.4
Conjurations   | 1 |  1.5
Air Magic      | 1 |  1.6

Action                   |  1- 3 |  4- 6 |  7- 9 || total
-------------------------+-------+-------+-------++-------
Melee: Unarmed           |    75 |   217 |   236 ||   528
       Dagger            |    60 |     3 |    21 ||    84
       Tailslap          |    11 |    27 |    25 ||    63
       Punch             |     1 |     1 |     8 ||    10
Throw: Boomerang         |       |       |     3 ||     3
 Abil: Breathe Frost     |       |       |    12 ||    12
Evoke: Wand              |       |       |     4 ||     4
  Use: Scroll            |     4 |    10 |     3 ||    17
       Potion            |       |     3 |     2 ||     5
 Stab: Sleeping          |     4 |     6 |     6 ||    16
       Distracted        |       |       |     1 ||     1
Armor: Skin              |    44 |    56 |    59 ||   159
Dodge: Dodged            |    85 |   122 |   203 ||   410
